 Dungeon Crawl Stone Soup version 0.24.0-41-g2ae2f7f1be (webtiles) character file.

Game seed: 8294630345123132566, levelgen mode: deterministic

52616 ReteAZ the Severer (level 14, 0/199 HPs)
             Began as a Deep Dwarf Fighter on Dec 14, 2019.
             Was the Champion of Makhleb.
             Succumbed to a queen ant's poison
             ... on level 6 of the Lair of Beasts.
             The game lasted 00:43:05 (14411 turns).

ReteAZ the Severer (Deep Dwarf Fighter)            Turns: 14411, Time: 00:43:06

Health: 0/199      AC:  0    Str: 33    XL:     14   Next: 27%
Magic:  9/9        EV:  7    Int:  9    God:    Makhleb [******]
Gold:   1082       SH: 14    Dex: 12    Spells: 13/13 levels left

rFire    + . .     SeeInvis .   u - +5 hand axe (flame)
rCold    . . .     Gourm    .   r - +1 shield {rN+}
rNeg     + + .     Faith    .   I - +0 plate armour
rPois    .         Spirit   .   v - +0 helmet
rElec    .         Reflect  .   m - +0 cloak
rCorr    .         Harm     .   y - +0 pair of gloves
MR       ++...                  (no boots)
Stlth    ..........             (no amulet)
HPRegen  0.00/turn              t - +3 ring of strength
MPRegen  0.11/turn              O - ring of protection from fire

@: berserking, lethally poisoned (0 -> -123), corroded, non-regenerating, very
quick
A: damage resistance, heal wounds, negative energy resistance 1, sense
surroundings 2, no regeneration
a: Heal Wounds, Minor Destruction, Lesser Servant of Makhleb, Major Destruction,
Greater Servant of Makhleb, Renounce Religion


You were on level 6 of the Lair of Beasts.
You worshipped Makhleb.
Makhleb was exalted by your worship.
You were not hungry.

You visited 3 branches of the dungeon, and saw 19 of its levels.

You collected 1164 gold pieces.
You spent 82 gold pieces at shops.

Inventory:

Hand Weapons
 a - a +3 broad axe of chopping
 c - a cursed +4 battleaxe
 u - a +5 hand axe of flaming (weapon)
Missiles
 D - 2 curare-tipped darts (quivered)
Armour
 m - a +0 cloak (worn)
 r - a +1 shield of positive energy (worn)
 v - a +0 helmet (worn)
 y - a +0 pair of gloves (worn)
 I - a +0 plate armour (worn)
 P - a +0 chain mail
Jewellery
 k - an uncursed ring of stealth
 t - a +3 ring of strength (left hand)
 O - a ring of protection from fire (right hand)
Wands
 C - a wand of flame (55)
 J - a wand of enslavement (11)
 L - a wand of random effects (5)
 N - a wand of digging (8)
Scrolls
 e - a scroll of blinking
 g - 11 scrolls of teleportation
 h - 11 scrolls of identify
 j - 13 scrolls of remove curse
 n - 5 scrolls of amnesia
 s - a scroll of fog
 A - 2 scrolls of fear
 G - 3 scrolls of immolation
 K - 3 scrolls of enchant armour
Potions
 b - 2 potions of resistance {unknown}
 d - 2 potions of might
 i - a potion of cancellation
 o - 3 potions of agility
 p - 3 potions of flight
 q - 8 potions of lignification
 w - 3 potions of heal wounds
 x - 2 potions of ambrosia {unknown}
 z - 5 potions of curing
 E - a potion of mutation
 F - 2 potions of brilliance {unknown}
Miscellaneous
 H - a crystal ball of energy
 M - a phantom mirror
Comestibles
 f - 50 rations
 B - 6 chunks of flesh


   Skills:
 + Level 10.6 Fighting
 - Level 18.0 Axes
 + Level 10.9 Armour
 + Level 10.8 Shields
 - Level 8.0 Invocations


You had 13 spell levels left.
You didn't know any spells.
Your spell library contained the following spells:

 Spells                   Type           Power        Failure   Level  Hunger
 Corona                   Hex            #......      99%         1    ##.....
 Flame Tongue             Conj/Fire      #....        99%         1    ##.....
 Sandblast                Erth           #.....       99%         1    ##.....
 Shock                    Conj/Air       #...         99%         1    ##.....
 Passwall                 Tmut/Erth      #.......     99%         2    ###....
 Slow                     Hex            #.......     99%         2    ###....
 Swiftness                Chrm/Air       #.......     99%         2    ###....
 Throw Flame              Conj/Fire      #.....       99%         2    ###....
 Conjure Flame            Conj/Fire      #.......     100%        3    ####...
 Inner Flame              Hex/Fire       #.......     100%        3    ####...
 Portal Projectile        Hex/Tloc       #.....       100%        3    ####...
 Static Discharge         Conj/Air       #.......     100%        3    ####...
 Stone Arrow              Conj/Erth      #.....       100%        3    ####...
 Airstrike                Air            #.........   100%        4    #####..
 Cause Fear               Hex            #.........   100%        4    #####..
 Leda's Liquefaction      Hex/Erth       #.........   100%        4    #####..
 Petrify                  Tmut/Erth      #.......     100%        4    #####..
 Sticky Flame             Conj/Fire      #.......     100%        4    #####..
 Fireball                 Conj/Fire      #.........   100%        5    ######.
 Lee's Rapid Deconstruct  Erth           #.........   100%        5    ######.
 Lightning Bolt           Conj/Air       #.........   100%        5    ######.


Dungeon Overview and Level Annotations

Branches:
Dungeon (12/15)            Temple (1/1) D:4            Lair (6/6) D:11
  Swamp (0/4) Lair:2        Snake (0/4) Lair:2        Slime (0/5) Lair:5
    Orc (0/2) D:12

Altars:
Ashenzari
Cheibriados
Elyvilon
Fedhas
Gozag
Kikubaaqudgha
Makhleb
Okawaru
Qazlal
Ru
Sif Muna
Uskayaw
Vehumet
Zin
The Shining One
Jiyva

Shops:
D:10 *

Annotations:
D:7 2 transporters, rumpelstilzz's ghost, amateur OpVM
Lair:2 1 runed translucent door, Reachock's ghost, journeyman DEWz
Lair:4 exclusion: oklob plant


Innate Abilities, Weirdness & Mutations

You are resistant to damage.
You can heal yourself by infusing magical energy.
You resist negative energy. (rN+)
You passively map the area around you.
You do not regenerate.


Message History

You feel very sick. You block the queen ant's attack.
You are too berserk!
You are too berserk!
You hit the queen ant. You burn the queen ant.
The queen ant is almost dead.
* * * LOW HITPOINT WARNING * * *
You feel very sick.
You hit the queen ant. You burn the queen ant.
The queen ant is almost dead.
* * * LOW HITPOINT WARNING * * *
You feel very sick. You block the queen ant's attack.
You hit the queen ant but do no damage.
The queen ant is almost dead.
* * * LOW HITPOINT WARNING * * *
You feel very sick.
You hit the queen ant but do no damage.
The queen ant is almost dead.
You die...

###### ##*##P##@## ###
#.P#..###a### ### ###.# ##
#...Y...##YY###.#####P.##
.#******♣...###...aa.............
##,,,,*#.♣.#**##.......#....##.#.
*,,,*#...♣,,*#####.....#....##.#
**,,,a#a♣*,#♣#.###....###...####
##*,***##,≈*........(...##...## #
.#,*,,,,,,≈≈,♣...P......##....###


You could see a queen ant, an entropy weaver, 2 elephants and a soldier ant.

Vanquished Creatures
  4 hydras
  3 two-headed ogres
  Urug (D:11)
  Pikel (D:7)
  2 oklob plants
  18 elephants
  2 cyclopes
  7 black mambas
  A centaur zombie (D:11)
  A gargoyle (D:10)
  2 rime drakes
  8 spiny frogs
  A tengu conjurer (D:12)
  5 komodo dragons
  A kobold demonologist (D:11)
  5 polar bears (Lair:6)
  3 trolls
  A queen bee (D:8)
  5 hornets
  13 blink frogs
  7 dream sheep (Lair:6)
  13 hippogriffs
  A shadow (D:10)
  A wyvern (Lair:2)
  11 spriggans (Lair:6)
  A wraith (D:10)
  A vampire (D:12)
  2 water elementals (D:12)
  17 yaks
  5 basilisks
  A steam dragon (Lair:5)
  2 hungry ghosts
  Grum (Lair:1)
  4 vampire mosquitoes
  Menkaure (D:5)
  A two-headed ogre zombie (D:12)
  2 soldier ants (Lair:6)
  5 water moccasins
  9 porcupines
  Duvessa (D:5)
  An orc warrior (D:11)
  3 sky beasts
  2 necrophages
  4 ice beasts
  7 black bears
  3 phantoms
  17 wolves
  5 boggarts (Lair:6)
  8 centaurs
  6 ogres
  10 crocodiles
  A big kobold (D:11)
  22 bullfrogs
  Dowan (D:5)
  A wyvern skeleton (D:8)
  2 scorpions
  35 killer bees
  4 wights (D:12)
  A troll zombie (D:12)
  5 howler monkeys
  3 electric eels
  11 crimson imps
  5 hounds
  2 quasits
  2 bullfrog zombies
  6 jellies
  5 orc wizards
  A bullfrog skeleton (D:12)
  7 orc priests
  5 iguanas
  A centaur skeleton (D:9)
  Natasha (thrice) (D:4)
  7 hell rats (Lair:3)
  19 worker ants
  6 ogre zombies (D:12)
  A hound skeleton (D:10)
  A gnoll (D:1)
  A howler monkey zombie (D:6)
  17 adders
  6 shadow imps
  2 oozes
  An adder skeleton (D:9)
  An adder zombie (D:7)
  6 worms
  4 dart slugs
  9 leopard geckos
  36 orcs
  A ball python (D:1)
  5 bats
  4 giant cockroaches
  4 hobgoblins
  7 jackals
  4 quokkas
  5 frilled lizards
  7 goblins
  A goblin skeleton (D:12)
  3 goblin zombies (D:12)
  A hobgoblin skeleton (D:12)
  4 hobgoblin zombies (D:12)
  5 kobolds
  4 orc skeletons (D:12)
  10 orc zombies (D:12)
  2 quokka skeletons
  8 rats
  12 fungi
  3 plants
566 creatures vanquished.

Vanquished Creatures (collateral kills)
  Rupert (Lair:4)
  An orc knight (D:12)
  A cyclops (D:12)
  A phantom (D:12)
  3 centaurs (D:12)
  A goblin zombie (D:12)
  A hobgoblin skeleton (D:12)
9 creatures vanquished.

Vanquished Creatures (others)
  2 slaves (D:7)
  A crimson imp (D:7)
  A hound zombie (D:7)
  11 fungi
  21 plants
36 creatures vanquished.

Grand Total: 611 creatures vanquished

Notes
Turn   | Place    | Note
-------+----------+-------------------------------------------
     0 | D:1      | ReteAZ the Deep Dwarf Fighter began the quest for the Orb.
     0 | D:1      | Reached XP level 1. HP: 20/20 MP: 1/1
   125 | D:1      | Reached XP level 2. HP: 27/27 MP: 2/2
   306 | D:1      | Reached skill level 3 in Axes
   306 | D:1      | Reached XP level 3. HP: 23/34 MP: 3/3
   816 | D:2      | Reached XP level 4. HP: 42/42 MP: 4/4
   999 | D:2      | Found a shimmering blue altar of Sif Muna.
  1080 | D:2      | Found a white marble altar of Elyvilon.
  1084 | D:2      | Reached XP level 5. HP: 44/49 MP: 5/5
  1093 | D:2      | Reached skill level 4 in Axes
  1342 | D:3      | Found a faded altar of an unknown god.
  1351 | D:3      | Noticed a hungry ghost
  1397 | D:3      | Killed a hungry ghost
  1397 | D:3      | Reached XP level 6. HP: 44/57 MP: 6/6
  1538 | D:3      | Found a hide-covered altar of Uskayaw.
  1651 | D:4      | Noticed Natasha
  1654 | D:4      | Killed Natasha
  1654 | D:4      | Reached skill level 5 in Axes
  1666 | D:5      | Entered Level 5 of the Dungeon
  1912 | D:4      | Noticed Natasha
  1921 | D:4      | Killed Natasha
  1921 | D:4      | Reached XP level 7. HP: 43/64 MP: 6/6
  1963 | D:4      | Found an opulent altar of Gozag.
  2003 | D:4      | Reached skill level 5 in Shields
  2036 | D:4      | Reached skill level 5 in Armour
  2110 | D:4      | Reached skill level 6 in Axes
  2128 | D:4      | Found a staircase to the Ecumenical Temple.
  2201 | Temple   | Entered the Ecumenical Temple
  2250 | Temple   | Became a worshipper of Makhleb the Destroyer
  2749 | D:5      | Noticed Duvessa
  2749 | D:5      | Noticed Dowan
  2749 | D:5      | Noticed Menkaure
  2795 | D:4      | Noticed Natasha
  2802 | D:4      | Killed Natasha
  3159 | D:5      | Killed Duvessa
  3181 | D:5      | Killed Dowan
  3189 | D:5      | Killed Menkaure
  3189 | D:5      | Reached XP level 8. HP: 68/73 MP: 6/6
  3193 | D:5      | Reached skill level 7 in Axes
  3454 | D:6      | Found an opulent altar of Gozag.
  3560 | D:6      | Reached skill level 5 in Fighting
  3748 | D:6      | Found a blossoming altar of Fedhas.
  3892 | D:7      | Noticed Pikel
  3903 | D:6      | Reached skill level 8 in Axes
  3927 | D:7      | Noticed a hornet
  3943 | D:7      | Killed a hornet
  3943 | D:7      | Gained mutation: You passively map the area around you.
                  | [Deep Dwarf growth]
  3943 | D:7      | Reached XP level 9. HP: 53/81 MP: 7/7
  3957 | D:7      | Reached * piety under Makhleb
  3971 | D:7      | Killed Pikel
  3971 | D:7      | Reached skill level 9 in Axes
  4391 | D:7      | Found a transporter.
  4395 | D:7      | Noticed rumpelstilzz's ghost (amateur OpVM)
  4521 | D:7      | Found a transporter.
  4709 | D:8      | Reached skill level 10 in Axes
  4713 | D:8      | Reached ** piety under Makhleb
  4872 | D:8      | Reached XP level 10. HP: 72/92 MP: 8/8
  5617 | D:9      | Reached skill level 1 in Invocations
  5678 | D:9      | Reached skill level 11 in Axes
  6011 | D:9      | Reached *** piety under Makhleb
  6239 | D:10     | Entered Level 10 of the Dungeon
  6307 | D:10     | Identified a scroll of acquirement
  6336 | D:10     | Noticed a gargoyle
  6347 | D:10     | Killed a gargoyle
  6372 | D:10     | Found Xuwited's General Store.
  6375 | D:10     | Bought a scroll of enchant armour for 82 gold pieces
  6457 | D:10     | Reached **** piety under Makhleb
  6457 | D:10     | Reached XP level 11. HP: 68/100 MP: 10/10
  6877 | D:11     | Noticed a two-headed ogre
  6896 | D:11     | Killed a two-headed ogre
  6932 | D:11     | Found a staircase to the Lair.
  6944 | D:11     | Reached skill level 12 in Axes
  6965 | D:11     | Noticed an oklob plant
  7308 | D:11     | Noticed Urug
  7333 | D:11     | Killed Urug
  7333 | D:11     | Reached skill level 5 in Invocations
  7340 | D:11     | HP: 5/154 [cloud of flame (11)]
  7920 | D:12     | Found a staircase to the Orcish Mines.
  7952 | D:12     | Reached ***** piety under Makhleb
  8557 | D:12     | Paralysed by a hornet for 3 turns
  8564 | D:12     | Reached skill level 13 in Axes
  8653 | D:12     | Noticed a two-headed ogre
  8661 | D:12     | Killed a two-headed ogre
  8661 | D:12     | Reached XP level 12. HP: 60/111 MP: 9/9
  8667 | D:12     | Reached skill level 10 in Shields
  8686 | D:12     | Reached skill level 10 in Armour
  8782 | D:12     | Noticed a two-headed ogre
  8795 | D:12     | Killed a two-headed ogre
  8819 | D:12     | Noticed a storm dragon
  8827 | D:12     | Noticed a storm dragon
  8843 | D:12     | HP: 2/112 [storm dragon/bolt of lightning (20)]
  8912 | Lair:1   | Entered Level 1 of the Lair of Beasts
  8974 | Lair:1   | Noticed a four-headed hydra
  8988 | Lair:1   | Killed a one-headed hydra
  9052 | Lair:1   | Noticed Grum
  9066 | Lair:1   | Killed Grum
  9110 | Lair:1   | Reached skill level 14 in Axes
  9714 | Lair:2   | Found a staircase to the Swamp.
  9836 | Lair:2   | Found a runed translucent door.
  9839 | Lair:2   | Noticed Reachock's ghost (journeyman DEWz)
  9840 | Lair:2   | Identified the +8 trident of Eveotyd {pierce, *Slow rElec
                  | Int+4}
 10195 | Lair:2   | Found a staircase to the Snake Pit.
 10295 | Lair:2   | Reached skill level 15 in Axes
 10809 | Lair:3   | Reached ****** piety under Makhleb
 10975 | Lair:3   | Reached XP level 13. HP: 123/123 MP: 10/10
 11569 | Lair:4   | Reached skill level 10 in Fighting
 11726 | Lair:4   | Reached skill level 16 in Axes
 11855 | Lair:4   | Noticed Rupert
 11883 | Lair:4   | Killed Rupert
 12255 | Lair:5   | Found a staircase to the Slime Pits.
 12256 | Lair:5   | Found a viscous altar of Jiyva.
 12381 | Lair:5   | HP: 3/123 [spiny frog (14)]
 12524 | Lair:5   | Reached skill level 17 in Axes
 12942 | Lair:6   | Entered Level 6 of the Lair of Beasts
 13350 | Lair:6   | Reached skill level 18 in Axes
 13444 | Lair:6   | Gained mutation: You resist negative energy. (rN+) [Deep
                  | Dwarf growth]
 13444 | Lair:6   | Reached XP level 14. HP: 132/132 MP: 9/9
 14325 | Lair:6   | Noticed an entropy weaver
 14365 | Lair:6   | Noticed an entropy weaver
 14409 | Lair:6   | HP: 9/199 [poisoned by a queen ant]
 14410 | Lair:6   | HP: 4/199 [poisoned by a queen ant]
 14411 | Lair:6   | Succumbed to a queen ant's poison

Levels and vault maps discovered:
D:1:      onia_arrival_handbag, layout_basic
D:2:      layout_rooms, led_sif_pool, elyvilon_altar_5, minmay_tetromino_t4
D:3:      layout_rooms, lemuel_doored_altar, nicolae_overflow_crystal_walls,
          chequers_ecumenical_altar_simple_redux, uniq_grinder
D:4:      layout_loops_corners, overflow_temple_1_default, temple_pool_b,
          kennysheep_flooded_box, uniq_natasha
D:5:      layout_basic, first_ration, kennysheep_generic_room_11, uniq_duvessa,
          uniq_menkaure
D:6:      layout_rooms, basic_altar, fedhas_ov_isle_minmay
D:7:      layout_loops_ring, gammafunk_ghost_arena, uniq_pikel
D:8:      layout_rooms, david_nohive_1
D:9:      layout_basic
D:10:     layout_rooms, serial_shops, kennysheep_mini
D:11:     layout_long_grid, dpeg_oklobed_lair, st_stairs_11, uniq_urug
D:12:     evilmike_diamond_2, layout_basic, zombieorc2_lemuel,
          palyth_stone_intersect, minivault_22, serial_bayou_ford_a
Temple:   minmay_crystal_spiral_temple
Lair:1:   layout_chaotic_city, lemuel_fruit_tree, grunt_megastairs_4, uniq_grum
Lair:2:   wander_river, layout_hall_layers, minmay_swamp_entry_reptiles,
          dummy_snake_entry, ebering_ghost_funeral_grove
Lair:3:   statuecave_lemuel, layout_small_grid, grunt_megastairs_1
Lair:4:   layout_gridlike, uniq_rupert
Lair:5:   layout_hall_layers, slime_altar_1, infiniplex_staircase_pool
Lair:6:   minmay_lair_end_enchanted_forest, layout_regular_city,
          nicolae_quartered_pool_super, wad_woods_antlair, serial_bayou_shore_b,
          lemuel_fruit_fields

Skill      XL: |  1  2  3  4  5  6  7  8  9 10 11 12 13 |
---------------+----------------------------------------+-----
Fighting       | 3 4 5 6 7 8 9 10 | 10.6
Axes           | 3 4 5 6 8 10 11 13 15 18 | 18.0
Armour         | 4 5 6 7 8 9 10 | 10.9
Shields        | 4 5 6 7 8 9 10 | 10.8
Invocations    | 3 6 8 |  8.0

Action                   |  1- 3 |  4- 6 |  7- 9 | 10-12 | 13-15 || total
-------------------------+-------+-------+-------+-------+-------++-------
Melee: War axe           |   111 |   146 |     3 |       |       ||   260
       Hand axe          |       |       |   287 |   501 |   351 ||  1139
       Broad axe         |       |       |       |   497 |   286 ||   783
Throw: Dart              |       |       |       |    13 |     1 ||    14
Invok: Lesser Servant of |       |       |       |     4 |     4 ||     8
 Abil: Heal Wounds       |     1 |     1 |     6 |    17 |     7 ||    32
  Use: Scroll            |       |     6 |       |    16 |     3 ||    25
       Potion            |       |       |       |     4 |     1 ||     5
 Stab: Distracted        |       |       |       |       |     1 ||     1
  Eat: Chunk             |       |     7 |     9 |    21 |    12 ||    49
       Ration            |       |     1 |       |       |       ||     1
Armor: Scale mail        |    50 |    59 |    78 |   286 |       ||   473
       Skin              |       |       |       |     9 |       ||     9
       Chain mail        |       |       |       |    23 |    92 ||   115
       Plate armour      |       |       |       |       |   123 ||   123
Dodge: Dodged            |    44 |    37 |    84 |   230 |   124 ||   519
Block: Shield            |    73 |    83 |   183 |   569 |   312 ||  1220
